 Dungeon Crawl Stone Soup version 0.31-a0-188-g5e087ee2ca (webtiles) character file.

Game seed: 6370041484852799373

86 qw the Shooter (level 4, -1/25 HPs)
             Began as a Deep Elf Hunter on June 22, 2023.
             Slain by a hobgoblin (4 damage)
             ... led by Robin
             ... on level 2 of the Dungeon.
             The game lasted 00:00:30 (1379 turns).

qw the Shooter (Deep Elf Hunter)                    Turns: 1379, Time: 00:00:31

Health: -1/25      AC:  5    Str: 10    XL:     4   Next: 26%
Magic:  6/6        EV: 12    Int: 14    God:
Gold:   56         SH:  0    Dex: 18    Spells: 3/3 levels left

rFire   . . .        Y - +0 shortbow
rCold   . . .        (shield currently unavailable)
rNeg    . . .        c - +0 leather armour
rPois   .            (no helmet)
rElec   .            f - +0 cloak
rCorr   .            e - +0 pair of gloves
SInv    .            (no boots)
Will    +....        (no amulet)
Stlth   ++           m - ring of willpower
HPRegen 0.24/turn    (no ring)
MPRegen 0.10/turn

%: no passive effects
@: about to teleport
A: no striking features
a: no special abilities


You were on level 2 of the Dungeon.
You visited 1 branch of the dungeon, and saw 2 of its levels.

You collected 56 gold pieces.


   Skills:
 - Level 1.5 Fighting
 + Level 7.7 Ranged Weapons
 - Level 2.4 Dodging
 - Level 1.2 Stealth


You had 3 spell levels left.
You didn't know any spells.
Your spell library was empty.

Inventory:

Hand Weapons
 Y - a +0 shortbow (weapon)
Armour
 a - a +2 robe of willpower
 c - a +0 leather armour (worn)
 d - a +0 ring mail
 e - a +0 pair of gloves (worn)
 f - a +0 cloak (worn)
Jewellery
 m - a ring of willpower (left hand)
Scrolls
 j - a scroll of blinking {unknown}
Potions
 b - a potion of degeneration {unknown}
 g - a potion of lignification {unknown}
 h - a potion of resistance {unknown}
 k - 2 potions of curing
 l - a potion of attraction {unknown}

Dungeon Overview and Level Annotations

Branches:
Dungeon (2/15)

Altars:

Annotations:
D:2 Robin


Message History

You shoot an arrow. The arrow hits the goblin!
You kill the goblin!
The goblin hits you but does no damage. The goblin closely misses you.
You shoot an arrow. The arrow hits the goblin.
The goblin is moderately wounded.
The goblin barely misses you. The goblin closely misses you.
The goblin hits you but does no damage. Robin barely misses you.
The goblin completely misses you. The goblin misses you.
You shoot an arrow. The arrow hits the goblin!
You kill the goblin!
Robin hits you from afar with a +1 vampiric spear.
The goblin hits you but does no damage. The goblin hits you with a +0 club.
You shoot an arrow. The arrow closely misses the goblin.
Robin barely misses you. The goblin hits you but does no damage.
The goblin hits you with a +0 dagger. The goblin hits you with a +0 club.
You shoot an arrow. The arrow hits the goblin.
The goblin is heavily wounded.
Robin throws the goblin at you!
The goblin hits you but does no damage. x3
You shoot an arrow. The arrow barely misses the goblin.
Robin hits you but does no damage. The goblin barely misses you. x2
The goblin hits you but does no damage. The hobgoblin barely misses you.
You shoot an arrow. The arrow hits the goblin!
You kill the goblin!
The goblin barely misses you. The goblin hits you with a +0 dagger.
Robin closely misses you.
You shoot an arrow. The arrow barely misses the goblin.
The goblin hits you with a +0 club. The hobgoblin closely misses you.
The goblin barely misses you. Robin throws the goblin at you!
You shoot an arrow. The arrow hits the goblin.
You kill the goblin!
The goblin hits you but does no damage. The hobgoblin misses you.
Robin hits you from afar with a +1 vampiric spear.
1378 ||| READING scroll of teleportation.
As you read the scroll of teleportation, it crumbles to dust.
You feel strangely unstable. The goblin barely misses you.
Robin barely misses you. The hobgoblin closely misses you.
You shoot an arrow. The arrow barely misses the goblin.
The goblin misses you. The hobgoblin hits you.
You die...

#........# .. ####.#####
#. ####.### #. ##......#
###)# ##..##.#.# #
##....## ###...##.#.###
##.....g# #........#.##.
#...#.))###.#.....##.#..
..?...g@)............'..
#...#.g)###.##....##.#..
# #...# #.##.......##.
.....# #.##.##.######
#.#..## #.##.##.# #
#.... #.......# ###.#
####.#### #. #.# #.#


You could see Robin, a hobgoblin (strong) and a goblin (strong).

Vanquished Creatures
  Jessica (D:2)
  2 worms (D:2)
  2 dart slugs (D:1)
  A ball python (D:1)
  4 bats
  8 endoplasms
  A giant cockroach (D:1)
  3 hobgoblins (D:1)
  3 kobolds
  2 quokkas (D:1)
  3 frilled lizards
  12 goblins
  2 rats (D:1)
44 creatures vanquished.

Notes
Turn   | Place    | Note
-------+----------+-------------------------------------------
     0 | D:1      | qw the Deep Elf Hunter began the quest for the Orb.
     0 | D:1      | Reached XP level 1. HP: 12/12 MP: 3/3
     0 | D:1      | 0 ||| qw: Version: 0.3-a-9-g12657ce
     0 | D:1      | 0 ||| qw: Game counter: 3005
     0 | D:1      | 0 ||| qw: Always use a shield: true
     0 | D:1      | 0 ||| qw: God list: Okawaru
     0 | D:1      | 0 ||| qw: Allow faded altars: false
     0 | D:1      | 0 ||| qw: Do Orc after D:15 true
     0 | D:1      | 0 ||| qw: Do second Lair branch before Depths: true
     0 | D:1      | 0 ||| qw: Lair rune preference: random
     0 | D:1      | 0 ||| qw: Plans: Normal
     0 | D:1      | 0 ||| PLANNING D:1-11
   105 | D:1      | Reached skill level 6 in Ranged Weapons
   105 | D:1      | Reached XP level 2. HP: 16/16 MP: 4/4
   484 | D:1      | Reached XP level 3. HP: 20/20 MP: 5/5
   983 | D:1      | 983 ||| UPGRADING to +0 pair of gloves.
   988 | D:1      | 988 ||| UPGRADING to +0 cloak.
   993 | D:1      | 993 ||| UPGRADING to ring of willpower.
   994 | D:1      | 994 ||| READING scroll labelled ZAOSTR CAOHOF.
   995 | D:1      | 995 ||| READING scroll labelled SUADWIO HEIRI.
   996 | D:1      | 996 ||| READING scroll labelled MAS ILA TYHUATY.
  1001 | D:1      | 1001 ||| READING scroll labelled HEFIUTU BUUS.
  1002 | D:1      | 1002 ||| READING scroll labelled HUAGOZAUQU.
  1003 | D:1      | 1003 ||| DRINKING 3 silvery potions.
  1004 | D:1      | 1004 ||| DROPPING scroll of butterflies.
  1038 | D:2      | Noticed Jessica
  1042 | D:2      | Killed Jessica
  1043 | D:2      | Reached skill level 7 in Ranged Weapons
  1259 | D:2      | Reached XP level 4. HP: 25/25 MP: 6/6
  1361 | D:2      | Noticed Robin
  1377 | D:2      | HP: 2/25 [Robin/+1 vampiric spear (5)]
  1378 | D:2      | 1378 ||| READING scroll of teleportation.
  1379 | D:2      | Slain by a hobgoblin

Levels and vault maps discovered:
D:1:      minmay_arrival_split_and_join, layout_basic,
          chequers_serial_rivers_room_a
D:2:      layout_loops_corners, uniq_robin, uniq_jessica

Skill      XL: |  1  2  3 |
---------------+----------+-----
Ranged Weapons | 6 7 |  7.7
Fighting       | |  1.5
Dodging        | |  2.4
Stealth        | |  1.2

Action                     |  1- 3 |  4- 6 || total
---------------------------+-------+-------++-------
   Fire: Shortbow          |    74 |    36 ||   110
    Use: Scroll            |     5 |     1 ||     6
         Potion            |     1 |       ||     1
 Armour: Leather armour    |     4 |    19 ||    23
  Dodge: Dodged            |     8 |    27 ||    35

Table legend:
 A = Non-vault XP
 B = Vault XP
 C = Vault XP percentage of total XP
 D = Non-vault monster count
 E = Vault monster count
 F = Vault count percentage of total count
                 A         B        C        D         E       F
            +---------+---------+-------+---------+---------+-------
      Total |      71 |      52 |  42.3 |      35 |       9 |  20.5
            +---------+---------+-------+---------+---------+-------
        D:1 |      43 |       0 |   0.0 |      23 |       0 |   0.0
        D:2 |      28 |      52 |  65.0 |      12 |       9 |  42.9
            +---------+---------+-------+---------+---------+-------
